 Dungeon Crawl Stone Soup version 0.20.1-1-g8b1a95d (webtiles) character file.

270950 equalderp2856 the Severer (level 19, -7/177 HPs)
             Began as a Minotaur Fighter on Oct 24, 2017.
             Killed by divine providence
             ... invoked by a sphinx
              (12 damage)
             ... while paralysed by a sphinx
             ... on level 2 of the Vaults.
             The game lasted 02:53:24 (56682 turns).

equalderp2856 the Severer (Minotaur Fighter)       Turns: 56682, Time: 02:53:25

Health: -7/177     AC: 33    Str: 34    XL:     19   Next: 82%
Magic:  30/30      EV:  2    Int:  4    God:
Gold:   1008       SH:  0    Dex: 15    Spells: 31/34 levels left

rFire    . . .     SeeInvis +   G - +2 broad axe
rCold    . . .     Gourm    .   m - +3 shield "Nuefuy Vynn" {rPois rCorr MP-9 Str+4}
rNeg     . . .     Faith    .   I - +8 plate armour of Sunlight {MP+9 Str+3 Int-5 Dex+4}
rPois    +         Spirit   .   S - +1 hat
rElec    .         Reflect  .   i - +0 cloak
rCorr    +         Harm     .   k - +2 pair of gloves {Str+3}
MR       +....                  g - +0 pair of boots
Stlth    ..........             t - amulet of rage
Regen    0.4/turn               W - ring of see invisible
MPRegen  0.3/turn               R - +3 ring of evasion

@: paralysed, marked, slowed
A: retaliatory headbutt, horns 2
}: 1/15 runes: serpentine
a: Evoke Berserk Rage


You were on level 2 of the Vaults.
You were very hungry.

You visited 6 branches of the dungeon, and saw 32 of its levels.
You visited the Abyss 1 time.
You visited 1 bazaar.
You also visited: Ossuary and Ice Cave.

You collected 2916 gold pieces.
You spent 1908 gold pieces at shops.

Inventory:

Hand Weapons
 u - a +4 trident of venom
 y - a +1 war axe of chopping
 G - a +2 broad axe (weapon)
 J - the +5 trident "Eboxoin" {venom, Fragile +Blink rN++ Dex+2}
   (You found it on level 2 of the Snake Pit)

   It poisons the flesh of those it strikes.
   It affects your dexterity (+2).
   It greatly protects you from negative energy.
   It lets you blink.
   It will be destroyed if unequipped.
 V - the +8 war axe of Compound Interest {chaos, rN++ MR+}
   (You found it on level 2 of the Lair of Beasts)

   Each time it hits an enemy it has a different, random effect.
   It greatly protects you from negative energy.
   It affects your resistance to hostile enchantments.
 X - a +2 demon trident of venom
Armour
 g - a +0 pair of boots (worn)
 i - a +0 cloak (worn)
 k - a +2 pair of gloves of strength (worn)
 l - a +3 chain mail of poison resistance
 m - the +3 shield "Nuefuy Vynn" (worn) {rPois rCorr MP-9 Str+4}
   (You bought it in a shop in a bazaar)

   It affects your strength (+4).
   It protects you from poison.
   It affects your magic capacity (-9).
   It protects you from acid and corrosion.
 o - a +2 plate armour of poison resistance
 q - the +4 ring mail "Wont" {rCorr Str+2}
   (You bought it in a shop in a bazaar)

   It affects your strength (+2).
   It protects you from acid and corrosion.
 I - the +8 plate armour of Sunlight (worn) {MP+9 Str+3 Int-5 Dex+4}
   (You found it on level 14 of the Dungeon)

   It affects your strength (+3).
   It affects your intelligence (-5).
   It affects your dexterity (+4).
   It affects your magic capacity (+9).
 S - a +1 hat (worn)
Jewellery
 s - an uncursed ring of protection from cold
 t - an amulet of rage (around neck)
 R - a +3 ring of evasion (right hand)
 T - a cursed -3 ring of evasion
 W - a ring of see invisible (left hand)
Wands
 a - a wand of polymorph (9/24)
 x - a wand of enslavement (14/24)
 K - a wand of polymorph (1/24)
 O - a wand of acid (0/15)
 U - a wand of iceblast (9/15)
 Y - a wand of paralysis (6/24)
Scrolls
 c - 7 scrolls of amnesia
 e - 5 scrolls of identify
 h - 2 scrolls of acquirement
 n - a scroll of magic mapping
 p - 3 scrolls of enchant weapon
 A - a scroll of vulnerability
 B - 11 scrolls of teleportation
 D - 3 scrolls of blinking
 E - 3 scrolls of remove curse
 Q - a scroll of silence
 Z - 5 scrolls of fear
Potions
 b - 2 potions of invisibility
 d - 6 potions of might
 r - 3 potions of heal wounds
 z - 2 potions of haste
 C - 2 potions of mutation
 H - 3 potions of flight
 M - a potion of cancellation {unknown}
 N - 2 potions of agility {unknown}
Books
 F - Roxanne's Guide on the Rocks
   (You took it off Roxanne on level 3 of the Snake Pit)

   Spells                             Type                      Level
   a - Sandblast                      Earth                        1
   b - Passwall                       Transmutation/Earth          2
   c - Leda's Liquefaction            Hexes/Earth                  4
   d - Iron Shot                      Conjuration/Earth            6
   e - Statue Form                    Transmutation/Earth          6
Miscellaneous
 j - a phial of floods
 v - 2 phantom mirrors
 L - a lightning rod (3/4)
Comestibles
 f - 14 bread rations
 w - 30 fruits
 P - 7 meat rations


   Skills:
 + Level 17.6 Fighting
 + Level 19.9(20.0) Axes
 + Level 4.1(14.0) Polearms
 + Level 16.5 Armour
 + Level 7.6 Dodging
 + Level 4.9 Stealth
 + Level 19.5 Shields
 * Level 8.0 Spellcasting
 * Level 8.5 Translocations
 + Level 1.7 Evocations


You had 31 spell levels left.
You knew the following spells:

 Your Spells              Type           Power        Failure   Level  Hunger
a - Recall                Summ/Tloc      N/A          47%         3    ###....


Dungeon Overview and Level Annotations

Branches:
Dungeon (15/15)            Temple (0/1) D:6            Lair (6/6) D:11
 Shoals (3/4) Lair:3        Snake (4/4) Lair:4        Slime (0/5) Lair:5
    Orc (2/2) D:10            Elf (0/3) Orc:2        Vaults (2/5) D:13
  Crypt (0/3) Vaults:2     Depths (0/5) D:15

Altars:
Ashenzari
Elyvilon
Kikubaaqudgha
Makhleb
Nemelex Xobeh
Okawaru
Trog
Uskayaw
Vehumet
Yredelemnul
Zin
The Shining One
Beogh
Jiyva

Shops:
D:4 (   D:6 [   D:7 }   Orc:1 :   Orc:2 ([[:   Shoals:1 (   Vaults:1 *

Annotations:
Lair:5 1 runed door
Shoals:3 Bai Suzhen


Innate Abilities, Weirdness & Mutations

You reflexively headbutt those who attack you in melee.
You have a pair of horns on your head.


Message History

You slice the ettin!! You headbutt the ettin.
The ettin is heavily wounded.
The wolf spider dissolves into shadows!
The sphinx casts a spell.
You suddenly lose the ability to move!
The ettin hits you but does no damage. The ettin hits you with a dire flail.
The sphinx casts a spell.
Something smites you! The ettin hits you but does no damage.
The ettin hits you with a dire flail!! The ettin hits you with a dire flail!!
* * * LOW HITPOINT WARNING * * *
The ettin hits you with a dire flail!!
* * * LOW HITPOINT WARNING * * *
A wolf spider comes into view.
The ettin hits you with a dire flail!
* * * LOW HITPOINT WARNING * * *
The ettin hits you but does no damage.
The sphinx casts a spell.
Something smites you!
You die...

#......#.....).(.....#..(..).#...
#......#.............#...(.))#)))
#......#.............#.....()()))
#......#.............#.....))#...
#......#.............#.......#...
#......###############p).....####
#.....................)).........
#................C..H)...........
#...............@)..s............
#................................
#................................
##########+####################'#
#....(..# #.^....(# #.......#
#.......# #.......#


You could see a sphinx, an ettin, a wolf spider and a vault sentinel.

Vanquished Creatures
  Boris (Vaults:2)
  Saint Roka (Snake:1)
  Rupert (Lair:4)
  Gastronok (D:8)
  An ancient champion (Vaults:2)
  12 nagarajas
  Donald (Orc:2)
  Roxanne (Snake:3)
  3 vault wardens
  A frost giant (IceCv)
  A deep elf sorcerer (Vaults:1)
  7 ironheart preservers
  A stone giant (Vaults:2)
  Nessos (Orc:2)
  A deep elf demonologist (Vaults:1)
  A dire elephant (Lair:6)
  A deep elf annihilator (Vaults:1)
  A merfolk javelineer (Shoals:3)
  An eidolon (Vaults:2)
  Snorg (D:11)
  Josephine (Shoals:1)
  A deep elf death mage (Vaults:1)
  A yaktaur captain (D:15)
  4 merfolk impalers
  Fannar (Lair:1)
  A great orb of eyes (Vaults:1)
  Erolcha (D:9)
  7 vault guards
  The ghost of pichaelthompson the Fighter, a journeyman DsBe of Trog (D:12)
  Harold (Orc:1)
  15 naga warriors
  2 merfolk avatars
  4 hydras
  7 anacondas
  A rakshasa (Vaults:2)
  2 alligator snapping turtles (Shoals:2)
  2 catoblepae
  6 centaur warriors
  Erica (D:11)
  14 two-headed ogres
  10 death yaks
  A satyr (Shoals:2)
  4 ogre magi
  2 deep troll shamans
  2 death knights
  4 tengu warriors
  24 naga sharpshooters
  3 orc high priests (Orc:2)
  A hell knight (D:15)
  5 shock serpents
  6 deep elf knights
  A sea snake (shapeshifter) (Orc:2)
  13 skeletal warriors
  5 sea snakes (Shoals:1)
  A glowing orange brain (Vaults:1)
  2 salamander mystics
  A spatial maelstrom (Abyss:2)
  7 deep trolls
  An unseen horror (Vaults:1)
  A flayed ghost (Vaults:1)
  2 necromancers (D:13)
  10 naga ritualists
  4 wizards
  2 deep elf archers
  15 orc knights
  Pikel (D:5)
  2 phantasmal warriors
  2 ironbrand convokers (Vaults:1)
  14 mana vipers
  20 fauns
  2 wolf spider zombies
  3 harpies (Shoals:2)
  An oklob plant (Lair:6)
  7 deep elf magi
  15 salamanders
  8 orc sorcerers
  13 manticores
  9 ugly things
  3 elephants (Lair:6)
  A centaur zombie (D:13)
  7 merfolk sirens
  3 guardian serpents
  A smoke demon (Abyss:2)
  10 vault sentinels
  13 cyclopes
  An ice statue (IceCv)
  A guardian serpent (shapeshifter) (Vaults:2)
  21 naga magi
  Joseph (D:9)
  4 water nymphs
  49 black mambas
  Psyche (D:9)
  10 spiny frogs
  A centaur skeleton (D:13)
  5 yaktaurs
  A kobold demonologist (D:15)
  A freezing wraith (Vaults:1)
  8 rime drakes
  8 komodo dragons
  A tengu conjurer (D:12)
  21 merfolk
  10 trolls
  A meliai (shapeshifter) (D:14)
  19 polar bears
  3 hornets
  Prince Ribbit (D:5)
  A raiju (shapeshifter) (D:15)
  3 wind drakes
  2 dream sheep (D:9)
  15 slime creatures
  16 blink frogs
  9 raiju (Abyss:2)
  3 snapping turtles
  14 hippogriffs
  A meliai zombie (D:12)
  A spriggan (shapeshifter) (Vaults:2)
  Sigmund (D:2)
  A vampire (D:12)
  11 wraiths
  3 wyverns
  63 yaks
  A tarantella (shapeshifter) (Vaults:1)
  6 water elementals
  3 basilisks
  17 humans (D:13)
  2 hungry ghosts
  A steam dragon (D:12)
  A chaos spawn (Abyss:2)
  A spatial vortex (Abyss:2)
  60 nagas
  2 wargs
  Edmund (D:5)
  A soldier ant (Lair:6)
  Duvessa (D:5)
  8 porcupines
  21 water moccasins
  3 acid dragons
  45 orc warriors
  3 sky beasts
  A necrophage (D:12)
  2 eyes of draining (D:11)
  A hornet zombie (D:15)
  4 phantoms
  2 black bears (Lair:6)
  An ice beast (D:15)
  An eye of draining (shapeshifter) (Vaults:1)
  A boggart (Vaults:1)
  23 wolves
  A centaur (shapeshifter) (Vaults:1)
  9 crocodiles
  18 ogres
  A crocodile (shapeshifter) (Orc:2)
  8 centaurs
  6 big kobolds
  2 elf zombies (Ossuary)
  Blork the orc (D:5)
  31 bullfrogs
  Dowan (D:5)
  A wyvern zombie (D:14)
  4 scorpions
  A scorpion (shapeshifter) (D:15)
  10 killer bees
  A howler monkey (D:10)
  6 crimson imps
  24 orc priests
  5 hounds
  A human zombie (Ossuary)
  A quasit (D:12)
  A bullfrog zombie (D:12)
  2 small abominations (Abyss:2)
  2 bullfrog skeletons
  4 jellies
  8 iguanas
  30 orc wizards
  9 worker ants
  A big kobold zombie (Ossuary)
  A killer bee zombie (D:10)
  2 hound zombies
  4 mummies (Ossuary)
  A worker ant zombie (D:8)
  A gnoll (D:1)
  24 adders
  2 shadow imps
  A white imp (D:11)
  An ooze (D:3)
  2 adder zombies (Ossuary)
  An adder skeleton (D:4)
  4 worms (D:3)
  5 dart slugs
  3 leopard geckos
  102 orcs
  3 ball pythons
  11 bats
  3 giant cockroaches
  7 goblins
  9 hobgoblins
  14 jackals
  4 quokkas
  4 frilled lizards
  A goblin zombie (Ossuary)
  2 hobgoblin zombies (Ossuary)
  A jackal zombie (Ossuary)
  18 kobolds
  3 rats
  2 rat zombies (Ossuary)
  A bush (Lair:6)
  8 fungi
  21 plants
1354 creatures vanquished.

Vanquished Creatures (collateral kills)
  A water moccasin (Lair:6)
  An ice beast (D:13)
2 creatures vanquished.

Vanquished Creatures (others)
  A salamander (Snake:1)
  A black mamba (Snake:2)
  A slime creature (D:13)
  2 nagas
  5 fungi
  6 plants
  4 toadstools (D:1)
20 creatures vanquished.

Grand Total: 1376 creatures vanquished

Notes
Turn   | Place    | Note
-------+----------+-------------------------------------------
     0 | D:1      | equalderp2856 the Minotaur Fighter began the quest for the Orb.
     0 | D:1      | Reached XP level 1. HP: 19/19 MP: 0/0
    77 | D:1      | Reached XP level 2. HP: 21/27 MP: 1/1
   392 | D:1      | Reached XP level 3. HP: 32/33 MP: 2/2
   972 | D:2      | Found a shattered altar of Ashenzari.
   974 | D:2      | Found an iron altar of Okawaru.
   974 | D:2      | Found a glowing golden altar of the Shining One.
  1133 | D:2      | Reached XP level 4. HP: 38/40 MP: 3/3
  1148 | D:2      | Found a burning altar of Makhleb.
  1255 | D:2      | Noticed Sigmund
  1260 | D:2      | Killed Sigmund
  1260 | D:2      | Reached skill level 1 in Dodging
  1260 | D:2      | Reached XP level 5. HP: 41/47 MP: 4/4
  1336 | D:2      | Found a basalt altar of Yredelemnul.
  1407 | D:2      | Reached XP level 6. HP: 53/53 MP: 5/5
  1462 | D:2      | Found a sparkling altar of Nemelex Xobeh.
  1509 | D:2      | Found a glowing silver altar of Zin.
  1857 | D:3      | Reached skill level 5 in Axes
  1857 | D:3      | Reached skill level 5 in Armour
  2370 | D:4      | Reached skill level 5 in Shields
  2656 | D:4      | Reached XP level 7. HP: 60/60 MP: 6/6
  2752 | D:4      | Found Xuijizec's Weapon Shop.
  2758 | D:4      | Bought a +0 broad axe for 52 gold pieces
  2920 | D:5      | Entered Level 5 of the Dungeon
  2927 | D:5      | Noticed Blork the orc
  2933 | D:5      | Killed Blork the orc
  2940 | D:5      | Found a sand-covered staircase.
  2952 | Ossuary  | Entered an ossuary
  2974 | Ossuary  | Reached skill level 5 in Fighting
  3337 | D:5      | Found a hide-covered altar of Uskayaw.
  3343 | D:5      | Noticed Prince Ribbit
  3350 | D:5      | Noticed Edmund
  3550 | D:5      | Reached XP level 8. HP: 59/68 MP: 7/7
  3551 | D:5      | Killed Prince Ribbit
  3564 | D:5      | Found a sparkling altar of Nemelex Xobeh.
  3591 | D:5      | Noticed Duvessa
  3592 | D:5      | Noticed Dowan
  3830 | D:5      | Killed Duvessa
  3835 | D:5      | Killed Dowan
  4212 | D:6      | Found a staircase to the Ecumenical Temple.
  4377 | D:6      | Found Noicenumi's Armour Boutique.
  4493 | D:6      | Found a radiant altar of Vehumet.
  4910 | D:7      | Reached XP level 9. HP: 75/75 MP: 8/8
  5032 | D:7      | Found Qapryu's Gadget Shoppe.
  5183 | D:8      | Noticed a two-headed ogre
  5201 | D:8      | Killed a two-headed ogre
  5471 | D:8      | Reached skill level 10 in Axes
  5527 | D:8      | Found an ancient bone altar of Kikubaaqudgha.
  5527 | D:8      | Noticed a troll
  5539 | D:8      | Killed a troll
  6076 | D:8      | Noticed Gastronok
  6393 | D:8      | Killed Gastronok
  6393 | D:8      | Reached skill level 5 in Dodging
  6393 | D:8      | Reached skill level 1 in Stealth
  6393 | D:8      | Reached XP level 10. HP: 41/86 MP: 9/9
  6600 | D:8      | Noticed a manticore
  6611 | D:8      | Killed a manticore
  7047 | D:9      | Noticed a two-headed ogre
  7234 | D:9      | Found a white marble altar of Elyvilon.
  7591 | D:9      | Noticed Joseph
  7596 | D:9      | Killed Joseph
  7680 | D:9      | Noticed Erolcha
  7681 | D:9      | Noticed Psyche
  7729 | D:9      | Paralysed by Psyche for 3 turns
  7733 | D:9      | Killed Psyche
  7744 | D:9      | Paralysed by Erolcha for 2 turns
  7752 | D:9      | Killed Erolcha
  7965 | D:9      | Noticed a two-headed ogre
  8005 | D:9      | Killed a two-headed ogre
  8321 | D:9      | Reached XP level 11. HP: 77/94 MP: 10/10
  8368 | D:9      | Noticed a two-headed hydra
  8381 | D:9      | Killed a two-headed hydra
  8381 | D:9      | Reached skill level 1 in Polearms
  8540 | D:9      | Killed a two-headed ogre
  8783 | D:9      | Reached skill level 10 in Armour
  9040 | D:10     | Entered Level 10 of the Dungeon
  9513 | D:10     | Reached skill level 10 in Shields
  9613 | D:10     | Noticed a two-headed ogre
  9636 | D:10     | Killed a two-headed ogre
  9788 | D:10     | Found a staircase to the Orcish Mines.
 10555 | D:11     | Noticed a two-headed ogre
 10569 | D:11     | Killed a two-headed ogre
 10909 | D:11     | Noticed Erica
 10947 | D:11     | Killed Erica
 10947 | D:11     | Reached XP level 12. HP: 45/106 MP: 11/11
 11133 | D:11     | Noticed a five-headed hydra
 11135 | D:11     | Found a staircase to the Lair.
 12145 | D:10     | Killed a six-headed hydra
 12229 | D:11     | Noticed Snorg
 12294 | D:11     | Killed Snorg
 12294 | D:11     | Reached skill level 10 in Fighting
 12678 | D:11     | Noticed a two-headed ogre
 12694 | D:11     | Killed a two-headed ogre
 13581 | D:12     | Noticed pichaelthompson's ghost (journeyman DsBe)
 13620 | D:12     | Killed pichaelthompson's ghost
 13834 | D:12     | Found a white marble altar of Elyvilon.
 14941 | Lair:1   | Entered Level 1 of the Lair of Beasts
 15008 | Lair:1   | Noticed Fannar
 15045 | Lair:1   | Killed Fannar
 15314 | Lair:1   | Reached XP level 13. HP: 85/116 MP: 12/12
 15754 | Lair:1   | Reached skill level 15 in Axes
 16679 | Lair:2   | Identified the cursed +3 morningstar of Nes Yty {freeze, rElec rN+ Stlth+} (You found it on level 2 of the Lair of Beasts)
 16924 | Lair:2   | Got a scorched war axe
 16925 | Lair:2   | Identified the +8 war axe of Compound Interest {chaos, rN++ MR+} (You found it on level 2 of the Lair of Beasts)
 17517 | Lair:3   | Found a staircase to the Shoals.
 19355 | Lair:4   | Found a staircase to the Snake Pit.
 19383 | Lair:4   | Noticed Rupert
 20297 | Lair:4   | Killed Rupert
 20929 | Lair:5   | Found a runed door.
 20930 | Lair:5   | Found a viscous altar of Jiyva.
 20930 | Lair:5   | Found a staircase to the Slime Pits.
 21524 | Lair:6   | Entered Level 6 of the Lair of Beasts
 21537 | Lair:5   | Reached XP level 14. HP: 89/127 MP: 13/13
 22227 | Lair:6   | Got a twitching pewter ring
 24076 | Lair:1   | Identified the ring of Megalomania {Fire Int+2} (You found it on level 6 of the Lair of Beasts)
 24202 | Lair:1   | Learned a level 3 spell: Recall
 24886 | Lair:1   | Identified a scroll of acquirement
 24898 | Lair:1   | Got a transparent battleaxe
 24905 | Lair:1   | Identified the +6 battleaxe "Epaov" {flame, Str+4 Dex+2 Stlth+} (You acquired it on level 1 of the Lair of Beasts)
 25575 | Orc:1    | Entered Level 1 of the Orcish Mines
 25680 | Orc:2    | Entered Level 2 of the Orcish Mines
 25727 | Orc:1    | Found a frozen archway.
 25737 | IceCv    | Entered an ice cave
 25859 | IceCv    | Reached skill level 1 in Translocations
 25894 | IceCv    | Reached skill level 1 in Spellcasting
 26263 | IceCv    | Noticed a frost giant
 26290 | IceCv    | Killed a frost giant
 26300 | IceCv    | Reached XP level 15. HP: 63/137 MP: 16/16
 26972 | IceCv    | Paralysed by fainting for 7 turns
 27881 | Orc:1    | Found Ompuyc's Book Emporium.
 27999 | Orc:1    | Noticed Harold
 28006 | Orc:1    | Killed Harold
 28398 | Orc:2    | Found a staircase to the Elven Halls.
 28405 | Orc:2    | Noticed Donald
 28831 | Orc:2    | Killed Donald
 29413 | Orc:2    | Noticed Nessos
 29445 | Orc:2    | Killed Nessos
 29772 | Orc:2    | Found a roughly hewn altar of Beogh.
 30147 | Orc:2    | Reached skill level 15 in Shields
 30175 | Orc:2    | Found Asast's Antique Armour Shop.
 30175 | Orc:2    | Found Qobbata's Weapon Emporium.
 30178 | Orc:2    | Found Luhugy's Armour Emporium.
 30178 | Orc:2    | Found Tinet's Book Shop.
 31852 | Orc:2    | Bought a book of Minor Magic for 280 gold pieces
 32193 | D:5      | Killed Edmund
 32372 | D:5      | Found a hide-covered altar of Uskayaw.
 32468 | D:5      | Found a bloodstained altar of Trog.
 32569 | D:5      | Noticed Pikel
 32580 | D:5      | Killed Pikel
 32731 | D:6      | Bought a +0 pair of boots for 58 gold pieces
 33328 | D:13     | Found a flickering gateway to a bazaar.
 33443 | Bazaar   | Entered a bazaar
 33787 | Bazaar   | Found Gipeph's Armour Boutique.
 33806 | Bazaar   | Found Wicuem's Antique Armour Emporium.
 33825 | Bazaar   | Found Ykhac's Book Boutique.
 33848 | Bazaar   | Found Zoipn's Antique Weapon Shoppe.
 33898 | Bazaar   | Bought a steaming shield for 152 gold pieces
 33931 | Bazaar   | Bought a runed war axe for 156 gold pieces
 33965 | Bazaar   | Bought a runed plate armour for 416 gold pieces
 33965 | Bazaar   | Bought a glowing plate armour for 416 gold pieces
 33978 | Bazaar   | Identified the +3 shield "Nuefuy Vynn" {rPois rCorr MP-9 Str+4} (You bought it in a shop in a bazaar)
 33980 | Bazaar   | Bought a bloodstained ring mail for 144 gold pieces
 33980 | Bazaar   | Bought a translucent ring mail for 144 gold pieces
 34068 | D:13     | Paralysed by a wizard for 5 turns
 34255 | D:13     | Found a gate to the Vaults.
 35238 | D:14     | Got an ancient plate armour
 36077 | D:15     | Entered Level 15 of the Dungeon
 36185 | D:15     | Reached XP level 16. HP: 43/147 MP: 11/20
 36651 | D:15     | Found a staircase to the Depths.
 36897 | D:15     | Identified the +8 plate armour of Sunlight {MP+9 Str+3 Int-5 Dex+4} (You found it on level 14 of the Dungeon)
 36898 | D:15     | Identified the +3 ring mail of Elyvilon's Whim {*Contam Str+3 Int+4 Dex+3} (You bought it in a shop in a bazaar)
 36899 | D:15     | Identified the +4 ring mail "Wont" {rCorr Str+2} (You bought it in a shop in a bazaar)
 37867 | D:15     | Paralysed by a wizard for 2 turns
 38187 | Snake:1  | Entered Level 1 of the Snake Pit
 39889 | Snake:2  | Reached skill level 15 in Fighting
 39994 | Snake:2  | Reached skill level 15 in Armour
 40139 | Snake:2  | Reached skill level 5 in Translocations
 40283 | Snake:2  | Noticed Saint Roka
 40910 | Snake:1  | Killed Saint Roka
 40910 | Snake:1  | Reached skill level 5 in Spellcasting
 41032 | Snake:2  | Paralysed by an orc sorcerer for 6 turns
 41991 | Snake:2  | Reached XP level 17. HP: 151/156 MP: 23/23
 43148 | Snake:3  | Noticed Roxanne
 43326 | Snake:3  | Killed Roxanne
 43327 | Snake:3  | Identified Roxanne's Guide on the Rocks (You took it off Roxanne on level 3 of the Snake Pit)
 43564 | Snake:4  | Entered Level 4 of the Snake Pit
 46402 | Snake:4  | Reached XP level 18. HP: 137/166 MP: 26/26
 47272 | Snake:4  | Got a serpentine rune of Zot
 47614 | Snake:2  | Identified the +5 trident "Eboxoin" {venom, Fragile +Blink rN++ Dex+2} (You found it on level 2 of the Snake Pit)
 48221 | Shoals:1 | Entered Level 1 of the Shoals
 49134 | Shoals:1 | Found Teyl's Antique Weapon Boutique.
 49360 | Shoals:1 | Cast into level 2 of the Abyss (merfolk impaler)
 49457 | Abyss:2  | Reached skill level 1 in Evocations
 49474 | Abyss:2  | Found a corrupted altar of Lugonu.
 49536 | Shoals:1 | Escaped the Abyss
 51213 | Shoals:1 | Noticed Josephine
 51222 | Shoals:1 | Killed Josephine
 51560 | Shoals:2 | You fall through a shaft!
 52252 | Shoals:3 | Noticed Bai Suzhen
 53096 | Vaults:1 | Entered Level 1 of the Vaults
 53957 | Vaults:1 | Reached XP level 19. HP: 108/174 MP: 28/28
 53979 | Vaults:1 | Found Haenkek's Assorted Antiques.
 53988 | Vaults:1 | Bought a scroll of teleportation for 90 gold pieces
 54006 | Vaults:1 | Found an ancient bone altar of Kikubaaqudgha.
 55858 | Vaults:2 | Noticed Boris
 55878 | Vaults:2 | Killed Boris
 56371 | Vaults:2 | Found a staircase to the Crypt.
 56678 | Vaults:2 | Paralysed by a sphinx for 7 turns
 56682 | Vaults:2 | HP: 5/177 [ettin/dire flail (8)]
 56682 | Vaults:2 | Killed from afar by a sphinx

Skill      XL: |  1  2  3  4  5  6  7  8  9 10 11 12 13 14 15 16 17 18 19 |
---------------+----------------------------------------------------------+-----
Shields        | 4 5 6 8 9 10 12 13 14 15 16 17 18 19 | 19.5
Armour         | 4 5 7 8 9 10 11 12 13 14 15 16 | 16.5
Fighting       | 4 5 7 8 9 11 12 13 14 15 16 17 | 17.6
Axes           | 3 4 6 7 9 11 12 13 14 16 17 18 19 | 19.9
Dodging        | 1 2 3 5 6 7 |  7.6
Stealth        | 1 2 4 |  4.9
Polearms       | 1 2 3 4 |  4.1
Translocations | 1 4 5 6 7 8 |  8.5
Spellcasting   | 1 3 5 6 7 8 |  8.0
Evocations     | 1 |  1.7

Action                   |  1- 3 |  4- 6 |  7- 9 | 10-12 | 13-15 | 16-18 | 19-21 || total
-------------------------+-------+-------+-------+-------+-------+-------+-------++-------
Melee: War axe           |    81 |   139 |   184 |   722 |  1261 |       |       ||  2387
       Headbutt          |     9 |    17 |    50 |   159 |   331 |   537 |   177 ||  1280
       Trident           |       |       |       |    39 |    19 |       |       ||    58
       Battleaxe         |       |       |       |       |     3 |       |       ||     3
       Broad axe         |       |       |       |       |   117 |  1703 |   472 ||  2292
Evoke: Wand              |       |       |     2 |     1 |     4 |    19 |       ||    26
       Lightning rod     |       |       |       |       |     4 |     1 |       ||     5
       Phial of floods   |       |       |       |       |       |     1 |     1 ||     2
  Use: Potion            |       |       |       |     2 |       |     2 |       ||     4
       Scroll            |       |       |       |    12 |    12 |    13 |       ||    37
 Stab: Paralysed         |       |       |       |       |    17 |       |       ||    17
       Petrifying        |       |       |       |       |     7 |       |       ||     7
       Confused          |       |       |       |       |     4 |       |       ||     4
       Petrified         |       |       |       |       |     2 |       |       ||     2
  Eat: Chunk             |       |     3 |    12 |    28 |    41 |    22 |     7 ||   113
       Royal jelly       |       |     1 |       |     1 |     8 |     2 |       ||    12
       Fruit             |       |       |       |     2 |     4 |     1 |     4 ||    11
       Meat ration       |       |       |       |       |     1 |     6 |       ||     7
Armor: Scale mail        |    58 |    61 |    72 |   128 |       |       |       ||   319
       Skin              |       |       |       |     7 |       |       |       ||     7
       Plate armour      |       |       |       |   148 |   435 |   569 |   108 ||  1260
Dodge: Dodged            |    35 |    43 |    80 |   250 |   362 |   609 |   122 ||  1501
Block: Shield            |    46 |    72 |   104 |   433 |   802 |  1593 |   361 ||  3411
